AoeStats
← sma.amit

Arabia

509407651Analyzed
1v1 RM · 7d ago on Sep 26, 2026· 26m 50s· 2 players
Game mode
Random Map
Map size
Tiny (2 player)
Population
200
Speed
Normal
Resources
Standard
Victory
Conquest
Starting age
Dark Age
Ending age
Imperial Age
RankedLock teamsTeams togetherTeam positionsShared explorationLock speedFull tech treeHidden civsTurbo modeCheats
Victory
Defeat
🇮🇳 Danes · India
1086
+16
🇫🇷 Persians · France
1090
-16
sma.amit
6:18 Loom
8:48 Feudal Age
9:33 Double-Bit Axe
19:17 Castle Age
17:42 Horse Collar
18:22 Bloodlines
18:36 Fletching
19:31 Padded Archer Armor
21:09 Leather Archer Armor
20:57 Bodkin Arrow
22:30 Ballistics
22:46 Bow Saw
27:30 Husbandry
TomaDog
7:03 Loom
9:45 Feudal Age
10:23 Double-Bit Axe
19:40 Castle Age
20:04 Fletching
20:27 Bloodlines
20:18 Husbandry
21:22 Padded Archer Armor
21:22 Bodkin Arrow
25:09 Bow Saw
24:39 Horse Collar
Connection lost

Rejoining the realm…

Still unreachable

The connection could not be restored.

Session expired

The server has moved on; the page needs a fresh start.